 Dungeon Crawl Stone Soup version 0.30-a0-883-g5ad918d77d (webtiles) character file.

Game seed: 2501753191421935035

677 gelatine the Chopper (level 7, -11/53 HPs)
             Began as a Demonspawn Gladiator on Mar 16, 2023.
             Mangled by an ogre
             ... wielding a +0 giant spiked club
              (28 damage)
             ... on level 5 of the Dungeon.
             The game lasted 00:10:06 (3546 turns).

gelatine the Chopper (Demonspawn Gladiator)         Turns: 3546, Time: 00:10:07

Health: -11/53     AC:  4    Str: 17    XL:     7   Next: 33%
Magic:  7/7        EV: 14    Int:  9    God:
Gold:   199        SH:  0    Dex: 20    Spells: 6/6 levels left

rFire   . . .      SeeInvis +    a - +0 war axe
rCold   . . .      Faith    .    (no shield)
rNeg    . . .      Spirit   .    b - +0 leather armour
rPois   .          Reflect  .    c - +0 helmet
rElec   .          Rampage  .    (no cloak)
rCorr   .                        (no gloves)
Will    .....                    (no boots)
Stlth   +                        (no amulet)
HPRegen 0.28/turn                h - ring of see invisible
MPRegen 0.20/turn                j - +6 ring of dexterity

@: confused
A: large bone plates 2, foul stench 1, magic regeneration
a: no special abilities


You were on level 5 of the Dungeon.
You visited 2 branches of the dungeon, and saw 6 of its levels.

You collected 199 gold pieces.

Inventory:

Hand Weapons
 a - a +0 war axe (weapon)
Missiles
 q - 7 poisoned darts (quivered)
 s - a javelin
Armour
 b - a +0 leather armour (worn)
 c - a +0 helmet (worn)
Jewellery
 h - a ring of see invisible (left hand)
 j - a +6 ring of dexterity (right hand)
 l - a ring of ice
 n - a ring of resist corrosion
Wands
 e - a wand of flame (13)
 w - a wand of charming (11)
Scrolls
 i - a scroll of poison {unknown}
 m - 5 scrolls of identify {unknown}
 o - 3 scrolls of teleportation {unknown}
 r - 2 scrolls of enchant armour {unknown}
 t - 2 scrolls of torment {unknown}
 u - a scroll of magic mapping {unknown}
 v - a scroll of fog {unknown}
Potions
 d - 2 potions of attraction
 f - a potion of brilliance
 k - 2 potions of magic {unknown}
 p - 2 potions of curing
 x - a potion of ambrosia {unknown}


   Skills:
 * Level 3.9 Fighting
 + Level 4.8 Axes
 * Level 2.4 Throwing
 * Level 2.5 Armour
 * Level 4.1 Dodging
 + Level 0.8 Stealth
 * Level 1.9 Shields


You had 6 spell levels left.
You didn't know any spells.
Your spell library contained the following spells:

 Spells                   Type           Power      Damage    Failure   Level
 Tukima's Dance           Hex            0%         N/A       82%         3
 Passage of Golubria      Tloc           0%         N/A       99%         4
 Yara's Violent Unravell  Hex/Tmut       0%         3d3       100%        5


Dungeon Overview and Level Annotations

Branches:
Dungeon (5/15)             Temple (1/1) D:5

Altars:
Ashenzari
Cheibriados
Dithmenos
Fedhas
Kikubaaqudgha
Makhleb
Uskayaw
Wu Jian
Xom
Yredelemnul


Innate Abilities, Weirdness & Mutations

You are mostly covered in large bone plates. (SH +6)
You may rarely emit foul miasma when damaged in melee.
You regenerate magic rapidly.


Message History

You completely miss the orc wizard.
The orc wizard is severely wounded.
You barely miss the ogre.
The orc wizard gestures at you while chanting.
You are more confused.
The ogre closely misses you.
The orc wizard hits you with a +0 dagger.
* * * LOW HITPOINT WARNING * * *
You slash the orc wizard!
You kill the orc wizard!
You hit the ogre. The ogre barely misses you.
Unknown command.
You slash the ogre!
The ogre is heavily wounded.
The ogre barely misses you.
Unknown command.
You bump into the rock wall.
Unknown command.
You slash the ogre!
The ogre is almost dead.
The ogre misses you.
An ogre comes into view. It is wielding a +0 giant club.
Unknown command.
You bump into the rock wall.
The ogre closely misses you.
Unknown command.
You bump into the rock wall.
The ogre completely misses you.
Unknown command.
You hit the ogre but do no damage.
The ogre is almost dead.
Unknown command.
You barely miss the ogre.
The ogre is almost dead.
The ogre completely misses you.
Unknown command.
The ogre barely misses you.
Things that are here:
a +0 shortbow; a centaur corpse The ogre hits you with a +0 giant spiked club!!
Ouch! That really hurt!
You die...

.....................#
..##......#.....###
...#.....#......#
#.........##.#.##
##..#...####.### #
..#...######
....##..#.###
#.....)O).#
##....O@..#
##.........#
#....(...###
.......(..#
...........(#
.....#..##...#
....###.##.### #. .#
#.


You could see 2 ogres.

Vanquished Creatures
  An ice beast (D:5)
  A centaur (D:5)
  A phantom (D:4)
  A crimson imp (D:4)
  4 hounds
  Jessica (D:2)
  Natasha (thrice) (D:3)
  An orc wizard (D:5)
  7 adders
  2 white imps
  An ufetubus (D:4)
  2 worms (D:3)
  3 dart slugs
  2 orcs (D:5)
  5 ball pythons
  9 endoplasms
  2 giant cockroaches
  2 goblins (D:1)
  5 hobgoblins
  9 kobolds
  A quokka (D:4)
  4 bats
  2 frilled lizards
  A goblin skeleton (D:4)
  A goblin zombie (D:4)
  5 hobgoblin zombies (D:4)
  A kobold skeleton (D:4)
  2 orc skeletons (D:4)
  An orc zombie (D:4)
  5 rats
85 creatures vanquished.

Notes
Turn   | Place    | Note
-------+----------+-------------------------------------------
     0 | D:1      | gelatine the Demonspawn Gladiator began the quest for the
                  | Orb.
     0 | D:1      | Reached XP level 1. HP: 16/16 MP: 1/1
   109 | D:1      | Gained mutation: You regenerate magic rapidly. [demonic
                  | ancestry]
   109 | D:1      | Reached XP level 2. HP: 5/22 MP: 2/2
   808 | D:2      | Gained mutation: You are partially covered in large bone
                  | plates. (SH +4) [demonic ancestry]
   808 | D:2      | Reached XP level 3. HP: 19/27 MP: 3/3
   863 | D:2      | Reached skill level 1 in Armour
   887 | D:2      | Noticed Jessica
   896 | D:2      | Killed Jessica
   897 | D:2      | Gained mutation: You are mostly covered in large bone
                  | plates. (SH +6) [demonic ancestry]
   897 | D:2      | Reached XP level 4. HP: 19/34 MP: 4/4
  1394 | D:3      | Found a basalt altar of Yredelemnul.
  1429 | D:3      | Noticed Natasha
  1436 | D:3      | Killed Natasha
  1500 | D:3      | Found a faded altar of an unknown god.
  1570 | D:3      | Noticed Natasha
  1847 | D:3      | Killed Natasha
  1848 | D:3      | Gained mutation: You may rarely emit foul miasma when
                  | damaged in melee. [demonic ancestry]
  1848 | D:3      | Reached XP level 5. HP: 27/39 MP: 5/5
  1900 | D:3      | Noticed Natasha
  1912 | D:3      | Killed Natasha
  2477 | D:4      | Reached skill level 1 in Shields
  2490 | D:4      | Reached XP level 6. HP: 35/47 MP: 6/6
  3248 | D:5      | Entered Level 5 of the Dungeon
  3273 | D:5      | Found a staircase to the Ecumenical Temple.
  3279 | D:5      | Noticed an ice beast
  3295 | D:5      | Killed an ice beast
  3298 | Temple   | Entered the Ecumenical Temple
  3481 | D:5      | Reached XP level 7. HP: 45/52 MP: 7/7
  3546 | D:5      | Mangled by an ogre

Illustrated notes

Levels and vault maps discovered:
D:1:      mrwooster_arrival_statue_2, layout_rooms, minmay_box_of_dots
D:2:      layout_basic, hex_large, uniq_jessica
D:3:      layout_loops_ring, mainiacjoe_overflow_small_starburst,
          shapermc_ecumenical_altar_notcrosses, minmay_misc_feat_four_crosses,
          uniq_natasha
D:4:      layout_loops_ring, nicolae_tso_besieged_by_evil
D:5:      layout_cave_pools, minmay_temple_entry_arrows
Temple:   hellmonk_temple_beads

Skill      XL: |  1  2  3  4  5  6 |
---------------+-------------------+-----
Dodging        | 3 4 |  4.1
Axes           | 3 4 |  4.8
Throwing       | 2 |  2.4
Armour         | 1 2 |  2.5
Shields        | 1 |  1.9
Fighting       | 3 |  3.9
Stealth        | |  0.8

Action                     |  1- 3 |  4- 6 |  7- 9 || total
---------------------------+-------+-------+-------++-------
  Melee: War axe           |    59 |   190 |    17 ||   266
         Punch             |       |     1 |       ||     1
  Throw: Boomerang         |    20 |       |       ||    20
         Throwing net      |     5 |       |       ||     5
         Dart              |     4 |     3 |     3 ||    10
         Javelin           |     2 |       |       ||     2
         Stone             |       |    16 |       ||    16
    Use: Potion            |       |     4 |     1 ||     5
   Stab: Sleeping          |     1 |     4 |       ||     5
 Armour: Leather armour    |    21 |    35 |     5 ||    61
  Dodge: Dodged            |    41 |   114 |    32 ||   187
  Block: Other             |     1 |    58 |    12 ||    71

Table legend: (Time is in decaauts)
 A = Elapsed time spent in this place.
 B = Non-inter-level travel time spent in this place.
 C = Inter-level travel time spent in this place.
 D = Time resting spent in this place.
 E = Time spent auto-exploring this place.
 F = Levels seen in this place.
 G = Mean time per level.
                   A        B        C        D        E       F      G
               +--------+--------+--------+--------+--------+-----+--------+
         Total |   3636 |   3537 |     99 |      0 |   2706 |   6 |  606.0 |
       Dungeon |   3493 |   3394 |     99 |      0 |   2592 |   5 |  698.6 |
        Temple |    143 |    143 |      0 |      0 |    114 |   1 |  143.0 |
               +--------+--------+--------+--------+--------+-----+--------+

Top non-repeatable levels by time:
     D:3: 965 daAuts
     D:4: 938 daAuts
     D:2: 800 daAuts
     D:1: 626 daAuts
     D:5: 163 daAuts
  Temple: 143 daAuts
